Map: Lightshade LE

Players

Kanoya

  • Race: Terran Terran
  • League: Diamond
  • Spawn Location: 11:00

Pfizer - Winner!

  • Race: Zerg Zerg
  • League: Diamond
  • Spawn Location: 5:00

VOD

Have the link to the VOD?

Description

Mass nydus

Time

  • Played on: March 9, 2021, 11:26 p.m.
  • Length: 10:27
Show
View Real Time Build Order
Export as new Build Order

Kanoya Terran 

Build Orders: Gas First Reaper Expand 

Get SALT Encoding   

  12  0:02  SCV  
  13  0:14  SCV  
  14  0:18  Supply Depot  
  14  0:26  SCV  
  14  0:28  Refinery  
  15  0:41  Barracks  
  15  0:44  SCV  
  16  0:56  SCV  
  17  1:08  SCV  
  18  1:21  SCV  
  19  1:28  Reaper  
  20  1:36  Orbital Command  
  20  1:44  Command Center  
  20  1:55  Supply Depot  
  20  2:03  SCV  
  20  2:05  Factory  
  21  2:08  Marine  
  22  2:15  SCV  
  22  2:20  Refinery  
  23  2:34  SCV  
  24  2:38  Barracks Reactor  
  24  2:57  Orbital Command  
  24  3:00  Bunker  
  24  3:02  SCV  
  25  3:21  SCV  
  25  3:23  Hellion x2  
  30  3:27  SCV  
  30  3:28  Command Center  
  31  3:34  Supply Depot  
  31  3:39  SCV  
  32  3:46  Starport  
  32  3:48  Hellion  
  34  3:49  Hellion  
  34  3:50  SCV  
  37  3:57  Supply Depot  
  37  4:00  SCV  
  38  4:09  Hellion  
  40  4:11  SCV, Hellion  
  43  4:21  SCV  
  43  4:23  SCV  
  45  4:26  Refinery  
  45  4:33  SCV  
  45  4:34  Refinery  
  46  4:39  SCV  
  46  4:41  Medivac  
  46  4:42  Barracks Tech Lab  
  46  4:45  Barracks  
  49  4:46  Barracks  
  49  4:49  Engineering Bay  
  49  5:09  SCV x2  
  49  5:10  Orbital Command  
  51  5:21  Terran Infantry Weapons Level 1, SCV  
  51  5:22  SCV  
  51  5:26  Engineering Bay  
  53  5:30  Stimpack  
  53  5:33  SCV  
  53  5:34  SCV  
  53  5:35  Supply Depot  
  55  5:36  Barracks Tech Lab x2  
  55  5:38  SCV  
  56  5:47  SCV x2  
  56  5:48  Medivac  
  56  5:49  Medivac  
  62  5:53  Marine  
  62  5:55  SCV  
  64  5:57  Combat Shield  
  64  6:11  Marine  
  62  6:13  SCV  
  62  6:14  Marine, SCV x2  
  62  6:15  Marine  
  62  6:17  Factory Tech Lab  
  68  6:21  Terran Infantry Armor Level 1  
  68  6:23  Missile Turret  
  68  6:25  SCV  
  68  6:29  Marauder  
  71  6:34  Supply Depot  
  71  6:41  SCV, Supply Depot  
  71  6:42  Armory, SCV, Orbital Command  
  73  6:54  Marine x3  
  74  6:58  SCV x2, Refinery  
  74  6:59  Supply Depot  
  78  7:02  Refinery, Missile Turret  
  78  7:07  SCV  
  79  7:10  SCV  
  79  7:11  SCV  
  79  7:12  Marine x2, Marauder  
  79  7:13  Bunker  
  85  7:19  SCV  
  85  7:20  Supply Depot  
  86  7:32  Medivac x2  
  86  7:34  Marine x3  
  93  7:40  SCV x3  
  93  7:41  Barracks x2, Terran Vehicle Weapons Level 1  
  93  7:42  Barracks  
  96  7:52  Marine x2, Marauder  
  96  7:53  SCV x3, Supply Depot  
  96  7:57  Siege Tank  
  106  8:05  SCV  
  107  8:10  Marine x2  
  101  8:14  Marauder  
  100  8:21  Viking x2  
  100  8:25  SCV  
  100  8:26  SCV x2  
  107  8:28  Marine x2  
  107  8:29  Supply Depot  
  109  8:35  Marauder  
  109  8:40  Marine  
  111  8:45  Marine  
  111  8:46  Marine  
  112  8:49  Siege Tank  
  115  9:00  Marine  
  115  9:03  Marine  
  115  9:04  Marine  
  115  9:05  Factory  
  115  9:06  Factory  
  115  9:07  Missile Turret  
  115  9:18  Marine  
  115  9:22  Marine, Marauder  
  115  9:24  Orbital Command  
  103  9:36  Marine  
  95  9:42  Marine  
  80  9:49  Barracks  
  80  9:50  Barracks  
  80  9:51  Barracks  
  80  9:52  Factory Tech Lab  
  68  9:54  Marine  
  68  9:56  Command Center, Refinery  
  63  10:00  Refinery  
  63  10:01  Marauder  
  63  10:06  Factory Tech Lab  
Show
View Real Time Build Order
Export as new Build Order

Pfizer Zerg - Winner!

Build Orders: Hatch First 

Get SALT Encoding   

  12  0:03  Drone  
  13  0:12  Overlord  
  13  0:16  Drone  
  14  0:34  Drone x2  
  16  0:52  Drone  
  16  0:53  Hatchery  
  16  0:55  Drone  
  17  0:59  Drone  
  17  1:01  Extractor  
  17  1:16  Spawning Pool  
  16  1:18  Drone  
  16  1:22  Drone  
  18  1:29  Drone  
  19  1:40  Drone  
  20  1:58  Drone  
  21  2:02  Drone  
  21  2:07  Zergling x2, Queen  
  21  2:08  Hatchery  
  24  2:12  Zergling x2  
  25  2:16  Zergling x2  
  25  2:20  Pneumatized Carapace  
  26  2:23  Zergling x2  
  27  2:33  Drone  
  27  2:36  Drone  
  28  2:42  Overlord  
  28  2:45  Overlord  
  28  2:51  Metabolic Boost  
  28  3:02  Drone x3  
  31  3:13  Drone  
  31  3:14  Drone  
  31  3:18  Drone  
  31  3:19  Queen x2  
  36  3:22  Drone  
  36  3:25  Drone  
  40  3:27  Drone  
  41  3:47  Drone x5  
  45  3:51  Drone  
  45  3:53  Drone x2  
  48  4:02  Drone  
  49  4:05  Extractor  
  49  4:06  Extractor, Queen  
  49  4:14  Roach Warren  
  49  4:15  Drone  
  49  4:16  Drone, Baneling Nest  
  49  4:22  Overlord x2  
  49  4:31  Lair  
  49  4:33  Overlord x2  
  49  4:37  Evolution Chamber  
  48  4:39  Evolution Chamber  
  48  4:42  Drone x3  
  48  4:43  Drone x4  
  54  4:48  Drone x3  
  54  4:50  Drone  
  58  5:23  Queen x2  
  58  5:25  Drone x13  
  75  5:35  Roach  
  77  5:39  Roach x2  
  81  5:45  Zerg Missile Weapons Level 1, Zerg Melee Weapons Level 1  
  81  5:49  Overlord x2  
  81  5:51  Overlord  
  81  5:57  Overlord  
  81  5:59  Overlord x2  
  81  6:06  Queen  
  78  6:17  Roach  
  78  6:18  Roach x3  
  86  6:22  Roach x2  
  90  6:33  Extractor  
  90  6:36  Nydus Network  
  90  6:38  Extractor  
  87  6:42  Queen  
  87  6:43  Queen x2  
  93  6:51  Hatchery  
  93  6:52  Roach  
  94  7:01  Infestation Pit, Spore Crawler  
  92  7:13  Roach  
  94  7:18  Queen x3  
  94  7:20  Nydus Network  
  94  7:21  Roach, Nydus Network  
  94  7:22  Roach, Hatchery  
  101  7:23  Roach  
  101  7:26  Glial Reconstitution  
  103  7:33  Hatchery  
  102  7:39  Zerg Missile Weapons Level 2, Zerg Ground Armor Level 1  
  102  7:50  Spore Crawler  
  102  7:51  Spine Crawler x3  
  99  7:52  Spore Crawler  
  99  7:54  Spine Crawler  
  99  7:56  Hive  
  96  7:59  Ravager  
  96  8:01  Zergling x2  
  96  8:02  Zergling x4  
  96  8:03  Zergling x2  
  98  8:31  Nydus Canal x2  
  98  8:32  Nydus Canal  
  98  8:33  Zergling x4  
  98  8:34  Zergling x26  
  111  8:39  Zergling x4  
  111  8:40  Zergling x2  
  116  8:42  Zergling x2  
  117  8:59  Zergling x8  
  120  9:03  Ravager x5  
  120  9:04  Ravager x3  
  120  9:05  Zergling x6  
  131  9:11  Nydus Canal  
  102  9:31  Nydus Canal  
  102  9:32  Nydus Canal  
  102  9:33  Nydus Canal  
  102  9:34  Zergling x2  
  102  9:35  Zergling x12  
  91  9:45  Zergling x10  
  84  9:50  Zergling x4  
  84  9:52  Zergling x2  
  77  9:56  Zergling x2  
  74  10:03  Zergling x4  
Tags
 
Add a new tag
Caveats
  • Supply blocks, unpowered buildings, or Contaminate may cause inaccurate times.
  • Supply counts are checked every 10 seconds.